 Dungeon Crawl Stone Soup version 0.32-a0-119-g2e8054a333 (webtiles) character file.

Game seed: 7573413746898618808

2398 Ceno the Covert (level 9, -18/39 HPs)
             Began as a Vine Stalker Earth Elementalist on Feb 6, 2024.
             Demolished by a death yak (23 damage)
             ... on level 7 of the Dungeon.
             The game lasted 00:19:54 (7080 turns).

Ceno the Covert (Vine Stalker Earth Elementalist)   Turns: 7080, Time: 00:19:55

Health: -18/39     AC:  8    Str: 10    XL:     9   Next: 46%
Magic:  0/19       EV: 12    Int: 15    God:
Gold:   279        SH:  0    Dex: 20    Spells: 10/21 levels left

rFire   + . .        b - +0 rapier
rCold   . . .        (no shield)
rNeg    . . .        f - +2 robe {rF+}
rPois   .            v - +2 helmet
rElec   .            (no cloak)
rCorr   .            u - +0 pair of gloves
SInv    .            (no boots)
Will    +....        o - amulet of regeneration
Stlth   +++++        (no ring)
HPRegen 1.86/turn    (no ring)
MPRegen 0.16/turn

%: guardian spirit
@: no status effects
A: fangs 3, regeneration 1, magic shield, antimagic bite, no potion heal 2
a: no special abilities


You were on level 7 of the Dungeon.
You visited 2 branches of the dungeon, and saw 10 of its levels.

You collected 279 gold pieces.

Inventory:

Hand Weapons
 a - a +3 dagger
 b - a +0 rapier (weapon)
 c - a +0 dagger
Missiles
 d - 34 stones (quivered)
 q - 14 poisoned darts
Armour
 f - a +2 robe of fire resistance (worn)
 u - a +0 pair of gloves (worn)
 v - a +2 helmet (worn)
Jewellery
 h - a +6 ring of intelligence
 o - an amulet of regeneration (around neck)
 z - a ring of ice
Wands
 g - a wand of roots (1)
 p - a wand of paralysis (12)
Scrolls
 e - a scroll of enchant armour
 k - a scroll of teleportation
 l - 3 scrolls of fear
 m - a scroll of amnesia {unknown}
 s - a scroll of immolation
 t - a scroll of blinking {unknown}
 y - a scroll of brand weapon {unknown}
 C - a scroll of fog {unknown}
Potions
 i - 2 potions of might
 n - 5 potions of curing
 r - 2 potions of cancellation
 w - 2 potions of enlightenment
 x - a potion of heal wounds {unknown}
 A - a potion of mutation {unknown}
 B - 2 potions of brilliance {unknown}


   Skills:
 + Level 0.0 Fighting
 + Level 3.3 Short Blades
 - Level 1.5 Dodging
 - Level 10.0 Stealth
 + Level 6.6 Spellcasting
 - Level 1.0 Conjurations
 - Level 6.0 Earth Magic
 - Level 4.0 Alchemy


You had 10 spell levels left.
You knew the following spells:

 Your Spells              Type           Power      Damage    Failure   Level
a - Sandblast             Erth           44%        2d11      1%          1
b - Passwall              Erth           22%        N/A       3%          3
c - Stone Arrow           Conj/Erth      30%        3d8       10%         3
d - Petrify               Alch/Erth      19%        N/A       19%         4

Your spell library contained the following spells:

 Spells                   Type           Power      Damage    Failure   Level
 Sting                    Conj/Alch      48%        1d6       4%          1
 Mercury Vapours          Alch/Air       20%        N/A       10%         2
 Freeze                   Ice            16%        1d4       14%         1
 Olgreb's Toxic Radiance  Alch           16%        N/A       26%         4
 Brom's Barrelling Bould  Conj/Erth      15%        2d4       32%         4
 Hailstorm                Conj/Ice       6%         3d5       34%         3
 Frozen Ramparts          Ice            8%         1d2       38%         3


Dungeon Overview and Level Annotations

Branches:
Dungeon (9/15)             Temple (1/1) D:6
   Lair: D:8-11         Orc: D:9-12

Altars:
Ashenzari
Cheibriados
Dithmenos
Fedhas
Gozag
Hepliaklqana
Kikubaaqudgha
Makhleb
Nemelex Xobeh
Okawaru
Qazlal
Sif Muna
Trog
Vehumet
Wu Jian
Xom
Yredelemnul
Zin
The Shining One

Annotations:
D:4 exclusions: hound and phantom
D:5 1 runed translucent door, Crazy Yiuf, Grinder


Innate Abilities, Weirdness & Mutations

You have razor-sharp teeth.
Your natural rate of healing is unusually fast.
When hurt, damage is shared between your health and your magic reserves.
Your bite disrupts and absorbs the magic of your enemies.
Potions cannot restore your health.


Message History

You hit the death yak. You bite the death yak. You drain its power.
You feel invigorated.
The death yak is lightly wounded.
The death yak barely misses you.
The howler monkey completely misses you.
You hit the death yak but do no damage. Your bite misses the death yak.
The death yak is lightly wounded.
The howler monkey hits you but does no damage.
The death yak gores you!
You hit the death yak but do no damage.
The death yak is lightly wounded.
The howler monkey hits you but does no damage.
You hit the death yak but do no damage.
The death yak is lightly wounded.
The death yak gores you!
* * * LOW HITPOINT WARNING * * *
The howler monkey closely misses you.
b - a +0 rapier (weapon)
The death yak gores you but does no damage.
You hit the death yak.
The death yak is lightly wounded.
The howler monkey barely misses you. The death yak barely misses you.
You barely miss the howler monkey. You bite the howler monkey.
You drain its power.
You feel invigorated.
The howler monkey is moderately wounded.
The howler monkey hits you. The death yak completely misses you.
The howler monkey hits you but does no damage.
You hit the death yak but do no damage.
The death yak is lightly wounded.
The howler monkey closely misses you. The death yak gores you!!
* * * LOW HITPOINT WARNING * * *
The howler monkey hoots and howls with incredible vigour!
The death yak attacks as it pursues you!
The death yak gores you.
* * * LOW HITPOINT WARNING * * *
The howler monkey misses you.
The death yak attacks as it pursues you!
The death yak gores you!!
Ouch! That really hurt!
You die...

........'...........#....##....#.
........#...........#....##....#.
........#...........#.....#....#.
####'##########.....#.....#....#.
##......##.>..#.....#.....#....#.
.........#....#.....+.....#....#.
.........#....#.....#....##'####.
##.......#....#.....#....##....#.
.#.......#....#.@...#....##....#.
.#.......#....#.hY..#.....#....#.
.#......##....#.....#.....#....#.
.#########....#..>..#.....#....#.
.#............#.....#.....'....#.
.#............#.....#....##'####.
.#............#...).#....#.......
.###########........###+##.......
..............######.............


You could see a death yak and a howler monkey (catching breath).

Vanquished Creatures
  A death yak (D:7)
  A water moccasin (D:6)
  Duvessa (D:5)
  An orc warrior (D:9)
  A black bear (D:7)
  A sky beast (D:6)
  An ice beast (D:6)
  An ogre (D:6)
  A centaur (D:7)
  Blork the orc (D:4)
  2 bullfrogs
  2 scorpions
  Dowan (D:5)
  A bombardier beetle (D:4)
  2 jellies
  An orc priest (D:7)
  6 hounds
  A sleepcap (D:5)
  4 iguanas
  3 orc wizards
  8 adders
  A shadow imp (D:7)
  3 white imps
  2 ufetubi (D:7)
  5 dart slugs
  A ribbon worm (D:2)
  16 orcs
  8 ball pythons
  10 endoplasms
  3 giant cockroaches
  8 goblins
  6 hobgoblins
  3 jackals (D:3)
  4 quokkas
  8 bats
  A frilled lizard (D:3)
  8 kobolds
  A rat (D:2)
129 creatures vanquished.

Notes
Turn   | Place    | Note
-------+----------+-------------------------------------------
     0 | D:1      | Ceno the Vine Stalker Earth Elementalist began the quest
                  | for the Orb.
     0 | D:1      | Reached XP level 1. HP: 9/9 MP: 4/4
   190 | D:1      | Reached XP level 2. HP: 13/13 MP: 6/6
  1006 | D:2      | Reached skill level 3 in Stealth
  1006 | D:2      | Reached XP level 3. HP: 16/16 MP: 5/7
  1010 | D:2      | Learned a level 3 spell: Passwall
  1014 | D:2      | Learned a level 3 spell: Stone Arrow
  1798 | D:3      | Reached XP level 4. HP: 17/21 MP: 7/9
  1857 | D:3      | Found a faded altar of an unknown god.
  2492 | D:3      | Found an ancient bone altar of Kikubaaqudgha.
  2500 | D:3      | Found a bloodstained altar of Trog.
  2677 | D:4      | Found a basalt altar of Yredelemnul.
  2694 | D:4      | Noticed a phantom
  3107 | D:4      | Reached XP level 5. HP: 24/24 MP: 10/10
  3132 | D:4      | Reached skill level 4 in Stealth
  3372 | D:4      | Noticed Blork the orc
  3396 | D:4      | Killed Blork the orc
  3397 | D:4      | Reached skill level 5 in Earth Magic
  3397 | D:4      | Reached XP level 6. HP: 26/28 MP: 12/12
  3544 | D:5      | Entered Level 5 of the Dungeon
  3544 | D:5      | Noticed Dowan
  3686 | D:5      | Found a runed translucent door.
  3687 | D:5      | Noticed Crazy Yiuf
  3743 | D:5      | Noticed Grinder
  3830 | D:5      | Noticed Duvessa
  3942 | D:5      | Reached skill level 5 in Stealth
  3984 | D:6      | Noticed a water moccasin
  4059 | D:6      | Learned a level 4 spell: Petrify
  4078 | D:6      | Killed a water moccasin
  4079 | D:6      | Reached XP level 7. HP: 6/32 MP: 2/14
  4269 | D:5      | Killed Duvessa
  4270 | D:5      | Reached skill level 1 in Alchemy
  4276 | D:5      | Killed Dowan
  4760 | D:6      | Reached skill level 6 in Stealth
  4762 | D:6      | Gained mutation: You have razor-sharp teeth. [Vine Stalker
                  | growth]
  4762 | D:6      | Reached XP level 8. HP: 36/36 MP: 9/16
  4794 | D:6      | Reached skill level 5 in Spellcasting
  4997 | D:6      | Found a staircase to the Ecumenical Temple.
  5006 | Temple   | Entered the Ecumenical Temple
  5111 | D:6      | Reached skill level 7 in Stealth
  5141 | D:6      | Reached skill level 1 in Short Blades
  6055 | D:7      | You fall into a shaft and drop 2 floors!
  6140 | D:8      | Noticed a death yak
  6196 | D:9      | Reached skill level 8 in Stealth
  6308 | D:9      | Noticed a vampire
  6436 | D:8      | Noticed a death yak
  6457 | D:8      | Noticed a death yak
  6507 | D:7      | Killed a death yak
  6508 | D:7      | Reached skill level 9 in Stealth
  6508 | D:7      | Reached XP level 9. HP: 11/39 MP: 7/19
  6979 | D:7      | Reached skill level 10 in Stealth
  7078 | D:7      | HP: 1/39 [death yak (3)]
  7080 | D:7      | Demolished by a death yak

Illustrated notes

Levels and vault maps discovered:
D:1:      psy_arrival_radial02, layout_loops_ring
D:2:      layout_rooms, serial_forest, infiniplex_forest_straight_4,
          infiniplex_forest_clump_tiny, infiniplex_forest_clump_curved,
          infiniplex_forest_zigzag_2, infiniplex_forest_lined_1
D:3:      layout_basic, amethyst_overflow_temple_binary,
          hellmonk_ecumenical_altar_heavens_door
D:4:      layout_basic, mainiacjoe_overflow_alcove_4, serial_rivers,
          chequers_serial_rivers_micro_c, chequers_serial_rivers_micro_b,
          chequers_serial_rivers_large_b, chequers_serial_rivers_micro_a,
          chequers_serial_rivers_micro_c, chequers_serial_rivers_micro_b,
          uniq_blork_the_orc
D:5:      layout_basic, saegor_snake_ambush, uniq_grinder, uniq_duvessa,
          uniq_crazy_yiuf_cottage
D:6:      layout_loops_ring, minmay_temple_entry_statues_fountains,
          hangedman_decor_slide_cut
D:7:      layout_gridville
D:8:      layout_layer_cave, elyvilon_altar_5, dpeg_lair_monsters
D:9:      minmay_the_grid_triangle_9x9_recursive_2
          [minmay_the_grid_triangle_9x9_prize_top_heavy,
          minmay_the_grid_triangle_9x9_swiss_cheese,
          minmay_the_grid_triangle_9x9_steps,
          minmay_the_grid_triangle_9x9_zippers_horizontal], layout_basic,
          david_orc_4, minmay_door_square
Temple:   kb_temple_of_zot

Skill      XL: |  1  2  3  4  5  6  7  8  9 |
---------------+----------------------------+-----
Stealth        | 3 4 5 6 9 10 | 10.0
Earth Magic    | 4 5 6 |  6.0
Spellcasting   | 3 4 6 |  6.6
Alchemy        | 3 4 |  4.0
Short Blades   | 3 |  3.3
Dodging        | |  1.5
Conjurations   | |  1.0

Action                     |  1- 3 |  4- 6 |  7- 9 || total
---------------------------+-------+-------+-------++-------
  Melee: Dagger            |    58 |   100 |   182 ||   340
         Bite              |    14 |    30 |    48 ||    92
         Punch             |     1 |     9 |    16 ||    26
         Rapier            |       |       |     3 ||     3
  Throw: Stone             |       |     3 |     5 ||     8
         Dart              |       |       |     3 ||     3
   Cast: Sandblast         |    23 |    23 |    21 ||    67
         Passwall          |       |     4 |     9 ||    13
         Stone Arrow       |       |       |     7 ||     7
    Use: Scroll            |       |     7 |     3 ||    10
         Potion            |       |     2 |     3 ||     5
   Stab: Sleeping          |     9 |    14 |    11 ||    34
         Distracted        |       |       |     1 ||     1
 Armour: Robe              |    30 |    54 |   104 ||   188
         Skin              |       |       |    25 ||    25
  Dodge: Dodged            |    32 |    66 |   103 ||   201

Table legend: (Time is in decaauts)
 A = Elapsed time spent in this place.
 B = Non-inter-level travel time spent in this place.
 C = Inter-level travel time spent in this place.
 D = Time resting spent in this place.
 E = Time spent auto-exploring this place.
 F = Levels seen in this place.
 G = Mean time per level.
                   A        B        C        D        E       F      G
               +--------+--------+--------+--------+--------+-----+--------+
         Total |   7154 |   6916 |    238 |    202 |   4901 |  10 |  715.4 |
       Dungeon |   7093 |   6878 |    215 |    202 |   4901 |   9 |  788.1 |
        Temple |     61 |     38 |     23 |      0 |      0 |   1 |   61.0 |
               +--------+--------+--------+--------+--------+-----+--------+

Top non-repeatable levels by time:
     D:3: 1041 daAuts
     D:7: 1025 daAuts
     D:6: 1025 daAuts
     D:1: 1009 daAuts
     D:5: 993 daAuts
     D:4: 977 daAuts
     D:2: 607 daAuts
     D:9: 235 daAuts
     D:8: 177 daAuts
  Temple: 61 daAuts
